 Dungeon Crawl Stone Soup version 0.29.1-1-gd02db6906a (webtiles) character file.

Game seed: 11841093912280430202

161 EvilAshe the Chiller (level 5, -7/21 HPs)
             Began as a Felid Ice Elementalist on Oct 6, 2022.
             Killed from afar by an orc wizard (8 damage)
             ... with a magic dart
             ... on level 5 of the Dungeon.
             The game lasted 00:08:40 (6265 turns).

EvilAshe the Chiller (Felid Ice Elementalist)       Turns: 6265, Time: 00:08:40

Health: -7/21      AC:  1    Str:  4    XL:     5   Next: 19%
Magic:  1/10       EV: 19    Int: 19    God:
Gold:   160        SH:  0    Dex: 16    Spells: 6/10 levels left
                                        Lives:  0   Deaths: 1

rFire   . . .      SeeInvis +   (weapon unavailable)
rCold   . . .      Faith    .   (shield unavailable)
rNeg    . . .      Spirit   .   (body armour unavailable)
rPois   .          Reflect  .   (helmet unavailable)
rElec   .          Harm     .   (cloak unavailable)
rCorr   .          Rampage  .   (gloves unavailable)
Will    .....                   (boots unavailable)
Stlth   ++........              (no amulet)
HPRegen 0.07/turn               (no ring)
MPRegen 0.12/turn               (no ring)

@: quick
A: very small, claws 1, fangs 3, see invisible, speed 1, shaggy fur 1, stealthy
paws, no weapons or thrown items, no armour, multi-lived
a: no special abilities


You were on level 5 of the Dungeon.
You visited 1 branch of the dungeon, and saw 5 of its levels.

You collected 160 gold pieces.

Inventory:

Jewellery
 d - an amulet of guardian spirit
Wands
 q - a wand of polymorph (11)
Scrolls
 b - a scroll of vulnerability {unknown}
 c - 4 scrolls of noise {unknown}
 f - a scroll of fear {unknown}
 g - 3 scrolls of teleportation {unknown}
 h - 9 scrolls of identify {unknown}
 i - 2 scrolls of immolation {unknown}
 j - a scroll of enchant weapon {unknown}
 m - a scroll of enchant armour {unknown}
Potions
 a - a potion of magic
 e - 3 potions of haste {unknown}
 k - a potion of invisibility {unknown}
 l - a potion of might {unknown}
 n - 2 potions of heal wounds {unknown}
 o - a potion of attraction {unknown}
 p - 2 potions of curing {unknown}
 r - a potion of flight {unknown}


   Skills:
 + Level 4.7 Dodging
 - Level 3.2 Stealth
 + Level 3.2 Spellcasting
 * Level 5.1 Ice Magic


You had 6 spell levels left.
You knew the following spells:

 Your Spells              Type           Power      Damage    Failure   Level
a - Freeze                Ice            88%        1d10      1%          1
b - Frozen Ramparts       Ice            44%        1d7       5%          3

Your spell library contained the following spells:

 Spells                   Type           Power      Damage    Failure   Level
 Ozocubu's Armour         Ice            22%        N/A       5%          3
 Ensorcelled Hibernation  Hex/Ice        24%        N/A       8%          2
 Conjure Flame            Conj/Fire      3%         6-21      41%         3
 Ignite Poison            Fire/Tmut/Pois 3%         N/A       41%         3
 Spider Form              Tmut/Pois      3%         N/A       41%         3
 Hailstorm                Conj/Ice       12%        3d5       45%         4
 Anguish                  Hex/Necr       1%         N/A       83%         4
 Sticky Flame             Conj/Fire      3%         2d3       83%         4


Dungeon Overview and Level Annotations

Branches:
Dungeon (5/15)
 Temple: D:4-7

Altars:
Elyvilon
Zin

Annotations:
D:4 Eustachio
D:5 Grinder


Innate Abilities, Weirdness & Mutations

You have sharp claws.
You have razor-sharp teeth.
You have supernaturally acute eyesight. (SInv)
You cover ground quickly. (Speed+)
You are covered in fur. (AC +1)
Your paws help you pounce on unaware monsters.
You are incapable of wielding weapons or throwing items.
You cannot wear armour.
You gain extra lives every three experience levels.


Message History

Aiming: Freeze (safe; 1% risk of failure)
Press: ? - help, Shift-Dir - straight line, f/p - orc priest
Aim: an orc priest, wielding a +0 short sword and wearing a +0 ring mail (moderately wounded)
You freeze the orc priest.
The orc priest is severely wounded.
An orc wizard comes into view. It is wielding a +0 dagger.
The orc priest completely misses you.
Casting: Freeze (safe; 1% risk of failure)
Confirm with . or Enter, or press ? or * to list all spells.
Aiming: Freeze (safe; 1% risk of failure)
Press: ? - help, Shift-Dir - straight line, f/p - orc priest
Aim: an orc priest, wielding a +0 short sword and wearing a +0 ring mail (severely wounded)
You freeze the orc priest.
The orc priest is almost dead.
The orc wizard shouts!
The orc priest looks encouraged for a moment.
Casting: Freeze (safe; 1% risk of failure)
Confirm with . or Enter, or press ? or * to list all spells.
Aiming: Freeze (safe; 1% risk of failure)
Press: ? - help, Shift-Dir - straight line, f/p - orc priest
Aim: an orc priest, wielding a +0 short sword and wearing a +0 ring mail (almost dead)
You freeze the orc priest.
You kill the orc priest!
Grinder comes into view.
Welcome back to level 5!
Casting: Freeze (safe; 1% risk of failure)
Confirm with . or Enter, or press ? or * to list all spells.
You don't have enough magic to cast this spell.
You see here an iguana corpse.
The orc wizard barely misses you.
Your magical contamination has completely faded away.
The orc wizard misses you. Grinder misses you.
The orc wizard completely misses you. Grinder hits you.
You writhe in agony.
* * * LOW HITPOINT WARNING * * *
The orc wizard misses you. Grinder barely misses you.
The orc wizard casts a spell at you. The magic dart hits you!
You die...

# #.#### .#..
#.#..)..# ...
......./. #.#
........#
#.#########...o....
#<).oo..(.#.......#
#<#######.#o......
#.).†@o...#...#..##
#.###.5............
#.# #.....#.#...#.#
#.. +..............
### #.....#.#......
#...!.#.#......
#.....#.# ..#..
#.....#.# .....
#.....#.# .##


You could see Grinder and an orc wizard.

Vanquished Creatures
  A hound (D:4)
  An orc priest (D:5)
  2 iguanas
  An orc wizard (D:5)
  3 adders
  5 worms
  4 orcs
  3 ball pythons
  3 endoplasms
  3 giant cockroaches
  6 goblins
  6 hobgoblins
  5 jackals (D:1)
  5 kobolds
  5 quokkas
  2 bats (D:2)
  3 frilled lizards
  2 rats
60 creatures vanquished.

Notes
Turn   | Place    | Note
-------+----------+-------------------------------------------
     0 | D:1      | EvilAshe the Felid Ice Elementalist began the quest for the
                  | Orb.
     0 | D:1      | Reached XP level 1. HP: 7/7 MP: 4/4
   334 | D:1      | Reached XP level 2. HP: 11/11 MP: 3/6
  1583 | D:2      | Reached XP level 3. HP: 14/14 MP: 3/7
  1587 | D:2      | Learned a level 3 spell: Frozen Ramparts
  1635 | D:2      | Reached skill level 4 in Ice Magic
  1921 | D:2      | Found a white marble altar of Elyvilon.
  2024 | D:2      | Found a faded altar of an unknown god.
  3280 | D:3      | Reached XP level 4. HP: 18/18 MP: 4/8
  4311 | D:3      | Found a glowing silver altar of Zin.
  4506 | D:4      | Noticed Eustachio
  5749 | D:5      | Entered Level 5 of the Dungeon
  5749 | D:5      | Noticed an ogre
  5760 | D:4      | Reached XP level 5. HP: 13/21 MP: 5/10
  6192 | D:4      | Slain by a quokka
  6193 | D:4      | Reached XP level 4. HP: -2/18 MP: 1/9
  6254 | D:5      | Reached skill level 5 in Ice Magic
  6258 | D:5      | Noticed Grinder
  6259 | D:5      | Reached XP level 5. HP: 7/21 MP: 0/10
  6264 | D:5      | HP: 1/21 [Grinder (6)]
  6265 | D:5      | Killed from afar by an orc wizard

Illustrated notes

Levels and vault maps discovered:
D:1:      dpeg_arrival_arbitrary_c, layout_basic
D:2:      layout_basic, shapermc_ecumenical_altar_pompeii, basic_altar,
          minmay_octomino_j4
D:3:      layout_basic, zin_treasury, minivault_14,
          nicolae_elevator_lobby_asterisk
D:4:      layout_basic, uniq_eustachio
D:5:      layout_basic, nicolae_ru_path_of_blood, serial_shops, shop_fountains,
          grunt_ministairs_15, kennysheep_generic_room_4, uniq_grinder,
          uniq_sigmund

Skill      XL: |  1  2  3  4 |
---------------+-------------+-----
Stealth        | 3 |  3.2
Dodging        | 3 4 |  4.7
Ice Magic      | 4 5 |  5.1
Spellcasting   | 3 |  3.2

Action                   |  1- 3 |  4- 6 || total
-------------------------+-------+-------++-------
Melee: Unarmed           |    30 |    15 ||    45
       Bite              |     1 |     1 ||     2
 Cast: Freeze            |    59 |    70 ||   129
 Stab: Sleeping          |     6 |     2 ||     8
Armor: Skin              |     7 |     3 ||    10
Dodge: Dodged            |    43 |    65 ||   108
